 Dungeon Crawl Stone Soup version 0.29.1-13-g9f3cf754e1 (webtiles) character file.

Game seed: 4967653881789295972

7840 tizbic2 the Nimble (level 11, 0/86 HPs)
             Began as a Gnoll Gladiator on Feb 9, 2023.
             Was an Elder of Uskayaw.
             Slain by an orc warrior
             ... wielding a +0 battleaxe
              (5 damage)
             ... on level 9 of the Dungeon.
             The game lasted 00:46:05 (9709 turns).

tizbic2 the Nimble (Gnoll Gladiator)                Turns: 9709, Time: 00:46:06

Health: 0/86       AC: 16    Str: 15    XL:     11   Next: 21%
Magic:  20/20      EV: 11    Int: 10    God:    Uskayaw [****..]
Gold:   577        SH:  5    Dex: 14    Spells: 17/22 levels left

rFire   + + .      SeeInvis .   a - +7 quarterstaff (chaos)
rCold   . . .      Faith    .   (shield currently unavailable)
rNeg    + . .      Spirit   .   g - +0 chain mail
rPois   .          Reflect  +   c - +2 helmet
rElec   .          Harm     .   p - +2 cloak
rCorr   .          Rampage  .   (no gloves)
Will    .....                   (no boots)
Stlth   +.........              i - amulet of reflection
HPRegen 0.24/turn               k - ring of protection from fire
MPRegen 0.17/turn               h - ring of positive energy

@: no status effects
A: fangs 1, strong nose, distributed training, fire resistance 1, subdued magic
1, sturdy frame 1
a: Renounce Religion, Stomp, Line Pass


You were on level 9 of the Dungeon.
You worshipped Uskayaw.
Uskayaw was noncommittal.
You visited 1 branch of the dungeon, and saw 9 of its levels.
You also visited: Ossuary.

You collected 577 gold pieces.

Inventory:

Hand Weapons
 a - a +7 quarterstaff of chaos (weapon)
 e - the +5 hand axe "Puvoth" {vamp, Will+}
   (You found it on level 6 of the Dungeon)

   It occasionally heals its wielder for a portion of the damage dealt when it
   wounds a living foe.
   Will:      It increases your willpower.
 f - a +0 sling
 v - a +0 whip of electrocution
 w - a +0 shortbow
 U - a +1 spear of venom
 Z - a +0 falchion of holy wrath
Missiles
 d - 2 throwing nets
 y - 30 poisoned darts
 A - 2 datura-tipped darts
 K - 2 boomerangs
 Q - a curare-tipped dart
 S - 3 javelins
Armour
 c - a +2 helmet (worn)
 g - a +0 chain mail (worn)
 p - a +2 cloak (worn)
 q - a +1 robe of willpower
 C - a +3 leather armour of poison resistance
 Y - a +0 kite shield
Jewellery
 h - a ring of positive energy (right hand)
 i - an amulet of reflection (around neck)
 k - a ring of protection from fire (left hand)
 m - a ring of fire
 r - an amulet of magic regeneration
 W - a ring of magical power
Wands
 o - a wand of polymorph (8)
 t - a wand of digging (3)
 B - a wand of roots (11)
 D - a wand of flame (23)
Scrolls
 b - a scroll of identify
 n - 2 scrolls of poison {unknown}
 z - a scroll of butterflies {unknown}
 F - a scroll of magic mapping {unknown}
 G - 2 scrolls of noise {unknown}
 I - a scroll of enchant armour
 J - 2 scrolls of immolation {unknown}
 M - 3 scrolls of vulnerability {unknown}
 P - a scroll of brand weapon {unknown}
 T - a scroll of torment {unknown}
 X - a scroll of silence
Potions
 j - 2 potions of flight
 l - 3 potions of ambrosia
 s - 6 potions of curing
 u - 2 potions of haste
 x - 3 potions of brilliance
 E - a potion of cancellation
 H - a potion of attraction {unknown}
 L - 2 potions of berserk rage
 N - a potion of invisibility
 O - a potion of lignification
 R - 2 potions of mutation


   Skills:
 + Level 7.9 Fighting
 + Level 6.3 Short Blades
 + Level 6.3 Long Blades
 + Level 6.3 Axes
 + Level 6.3 Maces & Flails
 + Level 6.3 Polearms
 + Level 9.2 Staves
 + Level 6.3 Ranged Weapons
 + Level 7.9 Throwing
 + Level 6.3 Armour
 + Level 9.2 Dodging
 + Level 6.3 Stealth
 + Level 6.3 Shields
 + Level 6.3 Unarmed Combat
 + Level 6.3 Spellcasting
 + Level 5.2 Conjurations
 + Level 5.2 Hexes
 + Level 5.2 Summonings
 + Level 5.2 Necromancy
 + Level 5.2 Translocations
 + Level 5.2 Transmutations
 + Level 5.2 Fire Magic
 + Level 5.2 Ice Magic
 + Level 5.2 Air Magic
 + Level 5.2 Earth Magic
 + Level 5.2 Poison Magic
 + Level 6.9 Invocations
 + Level 6.3 Evocations


You had 17 spell levels left.
You knew the following spells:

 Your Spells              Type           Power      Damage    Failure   Level
a - Call Imp              Summ           10%        N/A       24%         2
b - Mephitic Cloud        Conj/Pois/Air  10%        N/A       45%         3

Your spell library contained the following spells:

 Spells                   Type           Power      Damage    Failure   Level
 Apportation              Tloc           20%        N/A       16%         1
 Magic Dart               Conj           40%        1d5       16%         1
 Necrotise                Necr           40%        1d6       16%         1
 Summon Small Mammal      Summ           40%        N/A       16%         1
 Ignite Poison            Fire/Tmut/Pois 10%        N/A       45%         3
 Alistair's Intoxication  Tmut/Pois      6%         N/A       99%         5
 Borgnjor's Vile Clutch   Necr/Erth      5%         N/A       99%         5
 Freezing Cloud           Conj/Ice/Air   5%         6-21      99%         5
 Eringya's Noxious Bog    Tmut/Pois      5%         N/A       100%        6


Dungeon Overview and Level Annotations

Branches:
Dungeon (9/15)             Temple (0/1) D:5         Ossuary (visited)
   Lair: D:8-11         Orc: D:9-12

Altars:
Dithmenos
Uskayaw
Yredelemnul

Shops:
D:9 ?

Annotations:
D:7 1 runed translucent door, exclusion: 4 orange crystal statues
D:8 exclusion: 2 oklob plants


Innate Abilities, Weirdness & Mutations

You have very sharp teeth.
Your uncanny sense of smell can sniff out nearby items.
Your experience applies equally to all skills.
Your flesh is heat resistant. (rF+)
Your spells are a little easier to cast, but a little less powerful.
Your movements are slightly less encumbered by armour. (ER -2)


Message History

Your life force feels restored.
The helpless boulder beetle fails to defend itself.
You bludgeon the boulder beetle!! You freeze the boulder beetle.
The boulder beetle is heavily wounded.
The helpless boulder beetle fails to defend itself.
You sock the boulder beetle!
The boulder beetle seems to grow stronger.
You bite the boulder beetle, but do no damage.
The boulder beetle is heavily wounded.
The boulder beetle is no longer paralysed.
The orc warrior is no longer paralysed.
The orc priest is no longer paralysed.
The boulder beetle bites you!!
* * * LOW HITPOINT WARNING * * *
You block the orc warrior's attack.
Uskayaw will force your foes to share their pain.
Uskayaw links your audience in an emotional bond!
You feel much better. The boulder beetle bites you!!
* * * LOW HITPOINT WARNING * * *
The orc warrior barely misses you.
You hit the boulder beetle but do no damage.
The boulder beetle resists with almost no effort.
The boulder beetle is heavily wounded.
You block the boulder beetle's attack. The orc warrior closely misses you.
You hit the boulder beetle but do no damage.
The boulder beetle is heavily wounded.
The boulder beetle leaps!
The orc warrior hits you but does no damage.
You sock the orc warrior!
The orc warrior is moderately wounded.
The orc warrior blinks!
The orc warrior is no longer sharing its pain.
You sock the orc priest!
You kill the orc priest!
You hit the orc warrior but do no damage.
The orc warrior is poisoned.
The orc warrior is moderately wounded.
You sock the orc warrior!
The orc warrior is severely wounded.
The orc warrior hits you with a +0 battleaxe.
You die...

#. #.. ## ... .. #.
.. ###.. ## ∆ ..
#.)#.####### #. #.
#...#....... ## #.
...##...... #.
+#.#o.##.....# ##
..###..@###...#..# #.
......8..........# ##
..###...###......####
#. +#.#).##........#
## #.#...##.......#
#. ##B##...#.##..###
## ∆
##...##.)#.##..### #.
###.....####.......#
##
...................#
#.


You could see a boulder beetle (strong) and an orc warrior (very poisoned).

Vanquished Creatures
  3 two-headed ogres
  A cane toad (D:8)
  A kobold demonologist (D:9)
  Grinder (D:4)
  Sigmund (D:3)
  3 yaks (D:8)
  Menkaure (D:7)
  A steam dragon (D:7)
  An acid dragon (D:9)
  A floating eye (D:8)
  Duvessa (D:5)
  2 sky beasts (D:7)
  2 ice beasts
  A black bear (D:5)
  2 orc warriors
  5 centaurs
  4 ogres
  A phantom (D:6)
  Blork the orc (D:5)
  3 kobold brigands
  2 bullfrogs
  A necrophage (D:6)
  11 scorpions
  A wight (D:9)
  Dowan (D:5)
  3 killer bees (D:9)
  2 howler monkeys (D:8)
  2 centaur zombies (Ossuary)
  2 human zombies (Ossuary)
  4 hounds
  3 jellies
  Crazy Yiuf (D:2)
  4 orc priests
  Ijyb (D:4)
  Jessica (D:2)
  Natasha (thrice) (D:3)
  4 iguanas
  5 scorpion zombies (Ossuary)
  8 orc wizards
  3 mummies (Ossuary)
  3 gnolls (D:7)
  7 adders
  2 shadow imps
  2 white imps (D:5)
  2 worms
  3 dart slugs
  36 orcs
  10 ball pythons
  10 endoplasms
  5 giant cockroaches
  2 gnoll zombies (Ossuary)
  7 goblins
  8 hobgoblins
  5 jackals
  A quokka (D:1)
  3 bats
  2 frilled lizards
  2 goblin zombies (Ossuary)
  5 hobgoblin zombies (Ossuary)
  13 kobolds
  A kobold zombie (Ossuary)
  7 rats
234 creatures vanquished.

Vanquished Creatures (collateral kills)
  An orc (D:5)
1 creature vanquished.

Vanquished Creatures (others)
  A kobold (D:8)
  12 plants (D:8)
13 creatures vanquished.

Grand Total: 248 creatures vanquished

Notes
Turn   | Place    | Note
-------+----------+-------------------------------------------
     0 | D:1      | tizbic2 the Gnoll Gladiator began the quest for the Orb.
     0 | D:1      | Reached XP level 1. HP: 20/20 MP: 1/1
    88 | D:1      | Reached XP level 2. HP: 22/26 MP: 2/2
   457 | D:1      | Reached XP level 3. HP: 31/31 MP: 3/3
   712 | D:1      | Found a faded altar of an unknown god.
   721 | D:1      | Prayed at the altar of an unknown god.
   721 | D:1      | Became a worshipper of Uskayaw the Reveller
   721 | D:1      | Reached * piety under Uskayaw
   789 | D:2      | Reached ** piety under Uskayaw
   790 | D:2      | Reached skill level 1 in Invocations
   945 | D:2      | Reached skill level 1 in Short Blades
   945 | D:2      | Reached skill level 1 in Long Blades
   945 | D:2      | Reached skill level 1 in Axes
   945 | D:2      | Reached skill level 1 in Maces & Flails
   945 | D:2      | Reached skill level 1 in Polearms
   945 | D:2      | Reached skill level 1 in Ranged Weapons
   945 | D:2      | Reached skill level 1 in Armour
   945 | D:2      | Reached skill level 1 in Stealth
   945 | D:2      | Reached skill level 1 in Shields
   945 | D:2      | Reached skill level 1 in Unarmed Combat
   945 | D:2      | Reached skill level 1 in Spellcasting
   945 | D:2      | Reached skill level 1 in Evocations
   982 | D:2      | Found a runed translucent door.
   983 | D:2      | Noticed Crazy Yiuf
   987 | D:2      | HP: 1/31 [Crazy Yiuf/+4 quarterstaff of chaos (22)]
   992 | D:2      | Killed Crazy Yiuf
   993 | D:2      | Reached XP level 4. HP: 2/38 MP: 5/5
  1350 | D:2      | Reached skill level 1 in Conjurations
  1350 | D:2      | Reached skill level 1 in Hexes
  1350 | D:2      | Reached skill level 1 in Summonings
  1350 | D:2      | Reached skill level 1 in Necromancy
  1350 | D:2      | Reached skill level 1 in Translocations
  1350 | D:2      | Reached skill level 1 in Transmutations
  1350 | D:2      | Reached skill level 1 in Fire Magic
  1350 | D:2      | Reached skill level 1 in Ice Magic
  1350 | D:2      | Reached skill level 1 in Air Magic
  1350 | D:2      | Reached skill level 1 in Earth Magic
  1350 | D:2      | Reached skill level 1 in Poison Magic
  1366 | D:2      | Noticed Jessica
  1371 | D:2      | Killed Jessica
  1420 | D:2      | Reached XP level 5. HP: 43/43 MP: 7/7
  1993 | D:3      | Noticed Natasha
  1999 | D:3      | Killed Natasha
  1999 | D:3      | Noticed Natasha
  2007 | D:3      | Killed Natasha
  2384 | D:3      | Noticed Natasha
  2394 | D:3      | Killed Natasha
  2395 | D:3      | Reached XP level 6. HP: 39/50 MP: 4/8
  2474 | D:3      | Found a shadowy altar of Dithmenos.
  2478 | D:3      | Noticed Sigmund
  2500 | D:3      | Killed Sigmund
  2501 | D:3      | Reached skill level 5 in Fighting
  2501 | D:3      | Reached skill level 5 in Throwing
  2977 | D:4      | Noticed Grinder
  2991 | D:4      | Killed Grinder
  2991 | D:4      | Reached *** piety under Uskayaw
  2992 | D:4      | Reached XP level 7. HP: 56/56 MP: 10/10
  3121 | D:4      | Noticed Ijyb
  3144 | D:4      | Killed Ijyb
  3581 | D:5      | Entered Level 5 of the Dungeon
  3707 | D:5      | Reached XP level 8. HP: 58/63 MP: 12/12
  3772 | D:5      | Learned a level 2 spell: Call Imp
  3773 | D:5      | Found a staircase to the Ecumenical Temple.
  3793 | D:5      | Noticed Dowan
  3793 | D:5      | Noticed Duvessa
  3897 | D:5      | Killed Duvessa
  3900 | D:5      | Killed Dowan
  4207 | D:5      | Noticed Blork the orc
  4220 | D:5      | Killed Blork the orc
  4945 | D:6      | Found a sand-covered staircase.
  4959 | D:6      | Reached XP level 9. HP: 48/69 MP: 14/14
  5000 | Ossuary  | Entered an ossuary
  5254 | Ossuary  | Reached **** piety under Uskayaw
  5260 | Ossuary  | Reached ***** piety under Uskayaw
  5402 | D:6      | Identified the +5 hand axe "Puvoth" {vamp, Will+}
  5428 | D:6      | Reached skill level 5 in Invocations
  5577 | D:6      | Found a basalt altar of Yredelemnul.
  5798 | D:6      | Learned a level 3 spell: Mephitic Cloud
  6246 | D:7      | Noticed a two-headed ogre
  6253 | D:7      | Killed a two-headed ogre
  6254 | D:7      | Reached skill level 5 in Short Blades
  6254 | D:7      | Reached skill level 5 in Long Blades
  6254 | D:7      | Reached skill level 5 in Axes
  6254 | D:7      | Reached skill level 5 in Maces & Flails
  6254 | D:7      | Reached skill level 5 in Polearms
  6254 | D:7      | Reached skill level 5 in Ranged Weapons
  6254 | D:7      | Reached skill level 5 in Armour
  6254 | D:7      | Reached skill level 5 in Stealth
  6254 | D:7      | Reached skill level 5 in Shields
  6254 | D:7      | Reached skill level 5 in Unarmed Combat
  6254 | D:7      | Reached skill level 5 in Spellcasting
  6254 | D:7      | Reached skill level 5 in Evocations
  6254 | D:7      | Reached XP level 10. HP: 79/79 MP: 17/17
  6346 | D:7      | Found a runed translucent door.
  6362 | D:7      | Found the +10 tower shield of Ignorance {rN+ Int-4}
  6368 | D:7      | Found a runed translucent door.
  6397 | D:7      | Noticed an orange crystal statue
  6397 | D:7      | Noticed an orange crystal statue
  6397 | D:7      | Noticed an orange crystal statue
  6397 | D:7      | Noticed an orange crystal statue
  6987 | D:7      | Noticed Menkaure
  6995 | D:7      | Killed Menkaure
  7128 | D:8      | Noticed a two-headed ogre
  7140 | D:8      | Killed a two-headed ogre
  7145 | D:8      | Noticed a cane toad
  7145 | D:8      | a yak changed into a cane toad
  7519 | D:8      | Killed a cane toad
  7823 | D:8      | Gained mutation: Your spells are a little easier to cast,
                  | but a little less powerful. [potion of mutation]
  7823 | D:8      | Gained mutation: Your flesh is heat resistant. (rF+)
                  | [potion of mutation]
  7823 | D:8      | Gained mutation: Your movements are slightly less
                  | encumbered by armour. (ER -2) [potion of mutation]
  7954 | D:8      | Noticed an oklob plant
  7975 | D:8      | Noticed an oklob plant
  8325 | D:8      | Reached skill level 5 in Conjurations
  8325 | D:8      | Reached skill level 5 in Hexes
  8325 | D:8      | Reached skill level 5 in Summonings
  8325 | D:8      | Reached skill level 5 in Necromancy
  8325 | D:8      | Reached skill level 5 in Translocations
  8325 | D:8      | Reached skill level 5 in Transmutations
  8325 | D:8      | Reached skill level 5 in Fire Magic
  8325 | D:8      | Reached skill level 5 in Ice Magic
  8325 | D:8      | Reached skill level 5 in Air Magic
  8325 | D:8      | Reached skill level 5 in Earth Magic
  8325 | D:8      | Reached skill level 5 in Poison Magic
  8501 | D:9      | Found Woqimadio's Magic Scroll Boutique.
  8515 | D:9      | Reached XP level 11. HP: 85/85 MP: 20/20
  8619 | D:9      | HP: 4/85 [acid dragon/splash of acid (28)]
  9692 | D:9      | Noticed a boulder beetle
  9692 | D:9      | Noticed a two-headed ogre
  9700 | D:9      | Killed a two-headed ogre
  9703 | D:9      | HP: 4/86 [boulder beetle (24)]
  9709 | D:9      | Slain by an orc warrior

Illustrated notes

Levels and vault maps discovered:
D:1:      giann_horns, layout_basic, chequers_ecumenical_altar_simple_redux
D:2:      minmay_wonky_spiral, layout_loops_ring, minmay_pentomino_s4,
          uniq_crazy_yiuf_cottage, uniq_jessica
D:3:      layout_basic, grunt_dithmenos_smoke_and_mirrors, kennysheep_potato,
          uniq_sigmund, uniq_natasha
D:4:      layout_loops_ring, uniq_ijyb, uniq_grinder
D:5:      layout_loops_corners, minmay_temple_entry_junction_2,
          kennysheep_doodads, minmay_tree_intersection, uniq_duvessa,
          uniq_blork_the_orc
D:6:      layout_gridville, nicolae_overflow_hidden_temple, enter_ossuary_1
D:7:      layout_gridville, hangedman_decor_push, roderic_serpentine_path,
          minmay_splitting_lines, chequers_guarded_unrand_ignorance,
          uniq_menkaure
D:8:      layout_cave_pools, grunt_ministairs_5, disabler_island
D:9:      cheibrodos_barr_body, layout_long_grid, erik_lair_dragon,
          serial_shops, nicolae_shop_stone, roderic_roman_lattice,
          kennysheep_big_empty_room, hangedman_corner_corridor

Skill      XL: |  1  2  3  4  5  6  7  8  9 10 |
---------------+-------------------------------+-----
Invocations    | 1 2 3 4 5 6 |  6.9
Short Blades   | 1 2 3 5 6 |  6.3
Long Blades    | 1 2 3 5 6 |  6.3
Axes           | 1 2 3 5 6 |  6.3
Maces & Flails | 1 2 3 5 6 |  6.3
Polearms       | 1 2 3 5 6 |  6.3
Ranged Weapons | 1 2 3 5 6 |  6.3
Armour         | 1 2 3 5 6 |  6.3
Stealth        | 1 2 3 5 6 |  6.3
Shields        | 1 2 3 5 6 |  6.3
Unarmed Combat | 1 2 3 5 6 |  6.3
Spellcasting   | 1 2 3 5 6 |  6.3
Evocations     | 1 2 3 5 6 |  6.3
Conjurations   | 1 2 3 4 5 |  5.2
Hexes          | 1 2 3 4 5 |  5.2
Summonings     | 1 2 3 4 5 |  5.2
Necromancy     | 1 2 3 4 5 |  5.2
Translocations | 1 2 3 4 5 |  5.2
Transmutations | 1 2 3 4 5 |  5.2
Fire Magic     | 1 2 3 4 5 |  5.2
Ice Magic      | 1 2 3 4 5 |  5.2
Air Magic      | 1 2 3 4 5 |  5.2
Earth Magic    | 1 2 3 4 5 |  5.2
Poison Magic   | 1 2 3 4 5 |  5.2
Fighting       | 5 6 7 |  7.9
Throwing       | 5 6 7 |  7.9
Staves         | 7 8 9 |  9.2
Dodging        | 7 8 9 |  9.2

Action                   |  1- 3 |  4- 6 |  7- 9 | 10-12 || total
-------------------------+-------+-------+-------+-------++-------
Melee: Quarterstaff      |    92 |    67 |   225 |   113 ||   497
       Bite              |     8 |     6 |    23 |    21 ||    58
       Spear             |       |    38 |     4 |       ||    42
       Punch             |       |     2 |       |       ||     2
       Hand axe          |       |       |     8 |   104 ||   112
       Falchion          |       |       |       |     3 ||     3
 Fire: Shortbow          |       |       |    13 |    33 ||    46
Throw: Throwing net      |     2 |       |       |       ||     2
       Dart              |       |       |     2 |       ||     2
 Cast: Call Imp          |       |       |     4 |       ||     4
Invok: Stomp             |       |     4 |     4 |     1 ||     9
Evoke: Wand              |       |       |     1 |       ||     1
  Use: Scroll            |     1 |     5 |    16 |     4 ||    26
       Potion            |       |     1 |     1 |     4 ||     6
 Stab: Paralysed         |       |     1 |    10 |    13 ||    24
       Sleeping          |       |       |     8 |       ||     8
       Confused          |       |       |     1 |       ||     1
Armor: Leather armour    |    20 |     3 |    80 |    29 ||   132
       Robe              |       |    11 |       |       ||    11
       Chain mail        |       |    24 |     8 |    58 ||    90
Dodge: Dodged            |    58 |    35 |   144 |   108 ||   345
Block: Other             |    11 |    18 |    67 |    31 ||   127
       Reflection        |       |     1 |     4 |     1 ||     6
       Kite shield       |       |       |       |   100 ||   100
